 Dungeon Crawl Stone Soup version 0.31-a0-881-ge136f0c47a (webtiles) character file.

Game seed: 3718253285948866008

1318 croobank the Covert (level 8, -4/55 HPs)
             Began as an Octopode Delver on Oct 16, 2023.
             Was a Believer of Nemelex Xobeh.
             Killed from afar by a steam dragon (13 damage)
             ... with a ball of steam
             ... on level 5 of the Dungeon.
             The game lasted 00:19:05 (4757 turns).

croobank the Covert (Octopode Delver)               Turns: 4757, Time: 00:19:06

Health: -4/55      AC:  6    Str: 11    XL:     8   Next: 59%
Magic:  12/12      EV: 14    Int: 15    God:    Nemelex Xobeh [**....]
Gold:   180        SH:  0    Dex: 13    Spells: 11/12 levels left

rFire   . . .        a - +1 short sword
rCold   . . .        (no shield)
rNeg    . . .        s - +1 hat
rPois   .            (no amulet)
rElec   .            j - +4 ring of protection
rCorr   .            (no ring)
SInv    .            (no ring)
Will    .....        (no ring)
Stlth   +++++        (no ring)
HPRegen 0.29/turn    (no ring)
MPRegen 0.13/turn    (no ring)
                     (no ring)

%: no passive effects
@: no status effects
A: almost no armour, amphibious, 8 rings, camouflage 1, gelatinous body 1,
(nimble swimmer 1), tentacles
a: Renounce Religion, Draw Escape, Draw Destruction, Draw Summoning


You were on level 5 of the Dungeon.
You worshipped Nemelex Xobeh.
Nemelex Xobeh was pleased with you.
You visited 1 branch of the dungeon, and saw 6 of its levels.

You collected 202 gold pieces.
You spent 22 gold pieces at shops.

Inventory:

Hand Weapons
 a - a +1 short sword (weapon)
 b - a +1 hand axe of flaming
 d - a +0 dagger
 e - a +0 trident
 h - a +1 vampiric great sword
 i - a +0 sling
 m - a +2 whip of electrocution
 t - a +0 dagger of holy wrath
Missiles
 c - 6 curare-tipped darts (quivered)
 l - 6 datura-tipped darts
 u - 3 poisoned darts
Armour
 s - a +1 hat (worn)
Jewellery
 j - a +4 ring of protection (left tentacle)
Talismans
 r - a flux talisman
Wands
 f - a wand of digging (2)
Scrolls
 p - a scroll of fog
 q - a scroll of acquirement {unknown}
 w - a scroll of enchant armour {unknown}
Potions
 g - 2 potions of magic
 k - a potion of cancellation
 n - 2 potions of mutation
 o - a potion of might
 v - a potion of resistance


   Skills:
 + Level 5.3 Fighting
 + Level 4.8 Short Blades
 + Level 4.9 Dodging
 + Level 9.2 Stealth
 + Level 2.6 Spellcasting
 + Level 3.0 Translocations


You had 11 spell levels left.
You knew the following spells:

 Your Spells              Type           Power      Damage    Failure   Level
a - Apportation           Tloc           22%        N/A       6%          1

Your spell library contained the following spells:

 Spells                   Type           Power      Damage    Failure   Level
 Necrotise                Necr           4%         1d4       22%         1
 Summon Small Mammal      Summ           4%         N/A       22%         1
 Call Canine Familiar     Summ           1%         N/A       54%         3
 Sigil of Binding         Hex            1%         N/A       54%         3
 Dimensional Bullseye     Hex/Tloc       3%         N/A       73%         4
 Leda's Liquefaction      Hex/Erth       0%         N/A       91%         4


Dungeon Overview and Level Annotations

Branches:
Dungeon (6/15)             Temple (0/1) D:5

Altars:
Makhleb
Nemelex Xobeh

Shops:
D:3 [:[?*   D:4 *[

Annotations:
D:5 1 runed translucent door, Crazy Yiuf


Innate Abilities, Weirdness & Mutations

You cannot wear most types of armour.
You are amphibious.
You can wear up to eight rings at the same time.
Your skin changes colour to match your surroundings (Stealth+).
Your rubbery body absorbs attacks. (AC +1, EV +1)
((You are camouflaged when in or above water. (Stealth+)))
You have tentacles for arms and can constrict up to eight enemies at once.


Message History

You are engulfed in a cloud of scalding steam.
The fungus is engulfed in a cloud of scalding steam. x2
You are too injured to fight recklessly!
You hit the steam dragon.
Your tentacle-slap misses the steam dragon.
The steam dragon is severely wounded.
You are engulfed in a cloud of scalding steam.
The fungus is engulfed in a cloud of scalding steam.
The fungus begins to die.
The fungus is engulfed in a cloud of scalding steam.
The steam dragon closely misses you. The steam dragon barely misses you.
The steam dragon misses you.
The steam dragon claws you but does no damage.
The fungus is engulfed in a cloud of scalding steam.
The fungus begins to die.
The fungus is engulfed in a cloud of scalding steam.
A nearby fungus withers and dies.
The steam dragon breathes steam at you. The ball of steam hits you!
* * * LOW HITPOINT WARNING * * *
The ball of steam hits the fungus!!
The steam dragon closely misses you.
The steam dragon claws you but does no damage.
Okay, then.
You draw a card...
You have drawn Pain.
Press: ? - help, Shift-Dir - straight line, f - steam dragon
Aim: a steam dragon (severely wounded)
The steam dragon convulses!
You are engulfed in a cloud of scalding steam.
* * * LOW HITPOINT WARNING * * *
The fungus is engulfed in a cloud of scalding steam.
The fungus begins to die.
The fungus is engulfed in a cloud of scalding steam.
A nearby fungus withers and dies. x3
The steam dragon is sucked into a shaft!
The shaft crumbles and collapses.
The steam dragon breathes steam at you. The ball of steam hits you!
You die...
Your body disappears without a glow.

#<..#.........# #.#
#...#.........# #.#
#...#.........# #.#
#...#.........# #.##
############### *####..#
# ###~.###.## ###
#######§P§..^#..#
~P#######≈~P^.§§~§..P##.#
^..PP~....§...§.@....≈#.#
......~.~≈P§...§○D...~#.#
.P~~PP#########PP...P~#.#
####### ##.~P.~##.#
....#### ##..P##..#
.#.....# *####..##
##.....###########....##
#.....###########.####
#.....##########..#


You could see a steam dragon (catching breath).

Vanquished Creatures
  Prince Ribbit (D:5)
  Sigmund (D:2)
  A black bear (D:4)
  2 ogres (D:5)
  A howler monkey (D:4)
  2 orc priests
  A jelly (D:5)
  A gnoll bouda (D:5)
  2 hounds
  2 iguanas (D:4)
  Terence (D:2)
  2 orc wizards
  A sleepcap (D:3)
  6 adders
  19 gnolls
  5 worms
  3 dart slugs
  11 orcs
  4 endoplasms
  A giant cockroach (D:2)
  8 goblins
  6 hobgoblins
  6 jackals
  3 quokkas
  4 ball pythons
  6 frilled lizards
  8 kobolds
  3 rats
111 creatures vanquished.

Vanquished Creatures (collateral kills)
  An orc (D:4)
1 creature vanquished.

Vanquished Creatures (others)
  An orc (D:4)
1 creature vanquished.

Grand Total: 113 creatures vanquished

Notes
Turn   | Place    | Note
-------+----------+-------------------------------------------
     0 | D:5      | croobank the Octopode Delver began the quest for the Orb.
     0 | D:5      | Reached XP level 1. HP: 16/16 MP: 1/1
    89 | D:5      | Noticed an ogre
   139 | D:5      | Noticed a black bear
   192 | D:4      | Noticed an orc priest
   202 | D:4      | Noticed a hound
   214 | D:4      | Killed a hound
   215 | D:4      | Reached XP level 2. HP: 21/21 MP: 2/2
   215 | D:4      | Reached XP level 3. HP: 26/26 MP: 3/3
   264 | D:4      | Reached skill level 7 in Stealth
   324 | D:4      | Killed a black bear
   325 | D:4      | Reached XP level 4. HP: 31/33 MP: 4/4
   325 | D:4      | Reached XP level 5. HP: 35/37 MP: 5/5
   489 | D:3      | Found Eczot's Antique Armour Boutique.
   613 | D:3      | Found Witwuegh's Antique Armour Shoppe.
   617 | D:3      | Found Loujet's Magic Scroll Shop.
   681 | D:3      | Bought a scroll of identify for 22 gold pieces
   719 | D:2      | Noticed Terence
   735 | D:2      | Killed Terence
   736 | D:2      | Reached XP level 6. HP: 39/43 MP: 6/6
  1174 | D:1      | Learned a level 1 spell: Apportation
  1952 | D:2      | Noticed Sigmund
  1967 | D:2      | Killed Sigmund
  1968 | D:2      | Reached skill level 8 in Stealth
  1968 | D:2      | Reached skill level 1 in Spellcasting
  1968 | D:2      | Reached skill level 1 in Translocations
  1968 | D:2      | Reached XP level 7. HP: 28/49 MP: 6/8
  2490 | D:3      | Found Dipirol's Assorted Antiques.
  2532 | D:3      | Found Hopupn's Book Boutique.
  2532 | D:3      | Noticed a walking crystal tome
  2534 | D:3      | Noticed a walking divine tome
  2579 | D:4      | Found Oca Pugu's Antique Armour Boutique.
  2974 | D:3      | Found a faded altar of an unknown god.
  2980 | D:3      | Prayed at the altar of an unknown god.
  2980 | D:3      | Became a worshipper of Nemelex Xobeh the Trickster
  2980 | D:3      | Reached * piety under Nemelex Xobeh
  2980 | D:3      | Received a gift from Nemelex Xobeh
  3848 | D:4      | Found Ketteb's General Store.
  3892 | D:4      | Found a burning altar of Makhleb.
  3962 | D:4      | Reached XP level 8. HP: 54/54 MP: 9/11
  4073 | D:5      | Found a staircase to the Ecumenical Temple.
  4076 | D:5      | Reached skill level 5 in Fighting
  4297 | D:5      | Reached skill level 9 in Stealth
  4525 | D:5      | Found a runed translucent door.
  4526 | D:5      | Noticed Crazy Yiuf
  4570 | D:5      | Reached ** piety under Nemelex Xobeh
  4571 | D:5      | Noticed Prince Ribbit
  4590 | D:5      | Killed Prince Ribbit
  4757 | D:5      | Killed from afar by a steam dragon

Illustrated notes

Levels and vault maps discovered:
D:1:      dpeg_arrival_rhombi, layout_basic, kennysheep_pointless_box,
          st_stairs_8
D:2:      layout_basic, uniq_terence, uniq_sigmund
D:3:      layout_rooms, ebering_ecumenical_altar_rust, serial_shops,
          nicolae_shop_mannequins, shop, shop, nicolae_shop_rolling_square,
          nicolae_lakefront_shop, nicolae_figureground_sparkle
D:4:      layout_cave_pools, lightli_temple_of_fire, serial_shops,
          nicolae_shop_back_alley_shop, nicolae_stop_n_shop_2
D:5:      kennysheep_steamy, layout_basic, minmay_temple_entry_stoned_glass,
          uniq_crazy_yiuf_cottage, uniq_prince_ribbit1
D:6:      layout_loops_corners, mainiacjoe_overflow_tiny_flanked,
          kennysheep_cluttered_room, uniq_duvessa

Skill      XL: |  1  2  3  4  5  6  7  8 |
---------------+-------------------------+-----
Stealth        | 7 8 9 |  9.2
Short Blades   | 3 4 |  4.8
Dodging        | 3 4 |  4.9
Fighting       | 4 5 |  5.3
Spellcasting   | 1 2 |  2.6
Translocations | 1 2 3 |  3.0

Action                     |  1- 3 |  4- 6 |  7- 9 || total
---------------------------+-------+-------+-------++-------
  Melee: Short sword       |    29 |   101 |   184 ||   314
         Tentacles         |     7 |    30 |    45 ||    82
         Constrict         |     5 |    25 |    37 ||    67
         Punch             |       |     1 |     1 ||     2
  Throw: Dart              |       |     2 |     9 ||    11
         Throwing net      |       |       |     2 ||     2
 Invoke: Draw Destruction  |       |       |     1 ||     1
  Evoke: Wand              |     1 |       |       ||     1
    Use: Scroll            |     2 |     8 |     4 ||    14
         Potion            |       |     7 |       ||     7
   Stab: Sleeping          |     2 |    11 |    13 ||    26
         Held in net/web   |       |       |     2 ||     2
         Fleeing           |       |       |     1 ||     1
 Armour: Skin              |    21 |    36 |    90 ||   147
  Dodge: Dodged            |    21 |    54 |    83 ||   158

Table legend: (Time is in decaauts)
 A = Elapsed time spent in this place.
 B = Non-inter-level travel time spent in this place.
 C = Inter-level travel time spent in this place.
 D = Time resting spent in this place.
 E = Time spent auto-exploring this place.
 F = Levels seen in this place.
 G = Mean time per level.
                   A        B        C        D        E       F      G
               +--------+--------+--------+--------+--------+-----+--------+
         Total |   4683 |   4472 |    211 |    881 |   2288 |   6 |  780.5 |
       Dungeon |   4683 |   4472 |    211 |    881 |   2288 |   6 |  780.5 |
               +--------+--------+--------+--------+--------+-----+--------+

Top non-repeatable levels by time:
     D:4: 1110 daAuts
     D:1: 931 daAuts
     D:3: 906 daAuts
     D:2: 820 daAuts
     D:5: 803 daAuts
     D:6: 111 daAuts
